 Dungeon Crawl Stone Soup version 0.26-a0-597-gb535b0901c (webtiles) character file.

Game seed: 10991084993792470057

673 Lanoc the Skirmisher (level 7, -8/58 HPs)
             Began as a Formicid Monk on Aug 27, 2020.
             Was a Believer of Qazlal.
             Mangled by an ogre
             ... wielding a +0 giant club
              (13 damage)
             ... on level 5 of the Dungeon.
             The game lasted 00:05:27 (5181 turns).

Lanoc the Skirmisher (Formicid Monk)                Turns: 5181, Time: 00:05:28

Health: -8/58      AC: 10    Str: 12 (15) XL:     7   Next: 90%
Magic:  9/9        EV:  3    Int:  7 (10) God:    Qazlal [**....]
Gold:   170        SH:  2    Dex: 12 (15) Spells: 6/6 levels left

rFire    . . .     SeeInvis +   a - +0 hand axe
rCold    . . .     Faith    .   (no shield)
rNeg     . . .     Spirit   .   f - +0 plate armour
rPois    .         Reflect  .   (helmet unavailable)
rElec    .         Harm     .   (no cloak)
rCorr    .                      (no gloves)
MR       .....                  (no boots)
Stlth    ..........             (no amulet)
HPRegen  0.19/turn              (no ring)
MPRegen  0.11/turn              (no ring)

@: lethally poisoned (-8 -> -8)
A: permanent stasis, dig shafts and tunnels, four strong arms, antennae 3
a: Dig, Shaft Self, Upheaval, Renounce Religion


You were on level 5 of the Dungeon.
You worshipped Qazlal.
Qazlal was pleased with you.
You visited 1 branch of the dungeon, and saw 5 of its levels.

You collected 170 gold pieces.

Inventory:

Hand Weapons
 a - a +0 hand axe (weapon)
Armour
 b - a scarf of shadows
 f - a +0 plate armour (worn)
Wands
 d - a wand of digging (5)
 e - a wand of acid (10)
Scrolls
 c - 6 scrolls of identify {unknown}
 g - a scroll of enchant armour {unknown}
 i - a scroll of remove curse {unknown}
 k - a scroll of teleportation {unknown}
Potions
 l - a potion of lignification {unknown}
 m - a potion of invisibility {unknown}


   Skills:
 + Level 6.2 Fighting
 * Level 4.1 Axes
 + Level 5.1 Dodging
 - Level 2.4 Stealth
 * Level 3.2 Invocations


You had 6 spell levels left.
You didn't know any spells.
Your spell library was empty.

Dungeon Overview and Level Annotations

Branches:
Dungeon (5/15)
 Temple: D:4-7

Altars:
Kikubaaqudgha
Qazlal
Sif Muna


Innate Abilities, Weirdness & Mutations

You cannot be hasted, slowed, berserked, paralysed or teleported.
You can dig through walls and to a lower floor.
Your four strong arms can wield two-handed weapons with a shield.
You have a pair of large antennae on your head. (SInv)


Message History

You closely miss the adder. You hit the ogre.
You feel sick. The adder bites you but does no damage.
The ogre hits you but does no damage. The adder bites you but does no damage.
You hit the adder but do no damage. You hit the ogre.
You block the adder's attack.
The ogre hits you with a +0 giant club!!
* * * LOW HITPOINT WARNING * * *
You closely miss the adder. You hit the ogre but do no damage.
The adder bites you.
* * * LOW HITPOINT WARNING * * *
The ogre hits you with a +0 giant club!
* * * LOW HITPOINT WARNING * * *
The adder barely misses you.
You feel sick.
Found a scimitar.
It was a potion of degeneration.
There was something very wrong with that liquid.
You feel weakened.
You feel dopey.
You feel clumsy.
You feel sick. The ogre hits you with a +0 giant club!
You die...

#.###...... ..#
#.####O.... #.#
#>......##. ###.#
#.####..##. ...# #.#
#..##.
#.(######.####.....
#...........O!.....
#######○######.####.....
#......@OS...#.# #.#.##
#)#####.###....####.#.#
#...............#
#####...######### ##.##
.)# ##.# ... ...


You could see an ogre and an adder.

Vanquished Creatures
  2 scorpions (D:5)
  4 hounds
  An orc priest (D:3)
  2 orc wizards
  Jessica (D:4)
  Natasha (twice) (D:4)
  2 iguanas (D:4)
  6 worker ants
  3 adders (D:3)
  2 ufetubi (D:5)
  An ooze (D:5)
  2 dart slugs
  9 orcs
  4 giant cockroaches
  A goblin (D:2)
  9 hobgoblins
  2 jackals (D:4)
  2 quokkas (D:3)
  2 bats
  2 frilled lizards
  5 kobolds
  A quokka skeleton (D:5)
  4 rats
69 creatures vanquished.

Notes
Turn   | Place    | Note
-------+----------+-------------------------------------------
     0 | D:1      | Lanoc the Formicid Monk began the quest for the Orb.
     0 | D:1      | Reached XP level 1. HP: 18/18 MP: 1/1
   407 | D:1      | Reached XP level 2. HP: 24/24 MP: 2/2
   997 | D:3      | Reached XP level 3. HP: 30/30 MP: 3/3
  1168 | D:3      | Reached skill level 4 in Fighting
  1168 | D:3      | Reached XP level 4. HP: 10/37 MP: 4/4
  2067 | D:3      | Reached XP level 5. HP: 40/43 MP: 5/5
  2521 | D:3      | Reached skill level 5 in Fighting
  2709 | D:4      | HP: 2/44 [iguana (7)]
  2721 | D:4      | Reached XP level 6. HP: 6/51 MP: 6/6
  3431 | D:4      | Noticed Jessica
  3446 | D:4      | Killed Jessica
  3463 | D:4      | Found a shimmering blue altar of Sif Muna.
  3801 | D:4      | Found a stormy altar of Qazlal.
  3809 | D:4      | Became a worshipper of Qazlal Stormbringer
  3809 | D:4      | Reached * piety under Qazlal
  3809 | D:4      | Reached ** piety under Qazlal
  3877 | D:4      | Noticed Natasha
  3887 | D:4      | Killed Natasha
  3892 | D:4      | Noticed Natasha
  3904 | D:4      | Killed Natasha
  3904 | D:4      | Reached skill level 1 in Invocations
  3996 | D:4      | Found an ancient bone altar of Kikubaaqudgha.
  4029 | D:5      | Entered Level 5 of the Dungeon
  4056 | D:4      | Reached XP level 7. HP: 12/57 MP: 8/8
  4328 | D:5      | Reached skill level 6 in Fighting
  4353 | D:5      | Reached skill level 5 in Dodging
  5181 | D:5      | Mangled by an ogre

Illustrated notes

Levels and vault maps discovered:
D:1:      dpeg_arrival_rooms_c, layout_loops_ring
D:2:      layout_basic, fountainhead
D:3:      layout_basic, kennysheep_generic_room_5
D:4:      layout_gridville, kennysheep_mini_moat, lemuel_coloured_pillars_altar,
          tgw_sif, uniq_natasha
D:5:      layout_loops_ring

Skill      XL: |  1  2  3  4  5  6  7 |
---------------+----------------------+-----
Dodging        | 3 4 5 |  5.1
Fighting       | 4 5 6 |  6.2
Invocations    | 1 3 |  3.2
Axes           | 4 |  4.1
Stealth        | |  2.4

Action                   |  1- 3 |  4- 6 |  7- 9 || total
-------------------------+-------+-------+-------++-------
Melee: Hand axe          |    98 |   182 |   110 ||   390
  Use: Potion            |       |     5 |     1 ||     6
 Stab: Distracted        |       |       |     1 ||     1
Armor: Robe              |     2 |       |       ||     2
       Plate armour      |    67 |   140 |   112 ||   319
       Skin              |       |     4 |       ||     4
Dodge: Dodged            |    43 |    52 |    43 ||   138
Block: Other             |       |     2 |    19 ||    21

Table legend: (Time is in decaauts)
 A = Elapsed time spent in this place.
 B = Non-inter-level travel time spent in this place.
 C = Inter-level travel time spent in this place.
 D = Time resting spent in this place.
 E = Time spent auto-exploring this place.
 F = Levels seen in this place.
 G = Mean time per level.
                   A        B        C        D        E       F      G
               +--------+--------+--------+--------+--------+-----+--------+
         Total |   5238 |   5168 |     70 |   1222 |   3034 |   5 | 1047.6 |
       Dungeon |   5238 |   5168 |     70 |   1222 |   3034 |   5 | 1047.6 |
               +--------+--------+--------+--------+--------+-----+--------+

Top non-repeatable levels by time:
     D:4: 1677 daAuts
     D:3: 1361 daAuts
     D:5: 855 daAuts
     D:2: 749 daAuts
     D:1: 594 daAuts
